 Dungeon Crawl Stone Soup version 0.25-a0-576-g50b708a4c4 (webtiles) character file.

Game seed: 15143772735369200033, levelgen mode: classic

364 EnegeticOcto the Chopper (level 6, -3/58 HPs)
             Began as a Deep Dwarf Fighter on Mar 1, 2020.
             Slain by a two-headed ogre
             ... wielding a +0 giant club
              (20 damage)
             ... on level 5 of the Dungeon.
             The game lasted 00:00:53 (1491 turns).

EnegeticOcto the Chopper (Deep Dwarf Fighter)       Turns: 1491, Time: 00:00:53

Health: -3/58      AC:  9    Str: 21    XL:     6   Next: 39%
Magic:  6/6        EV:  5    Int:  9    God:
Gold:   145        SH: 10    Dex: 12    Spells: 5/5 levels left

rFire    . . .     SeeInvis .   a - +0 war axe
rCold    . . .     Gourm    .   c - +0 kite shield
rNeg     . . .     Faith    .   m - +0 chain mail
rPois    .         Spirit   .   (no helmet)
rElec    .         Reflect  .   (no cloak)
rCorr    .         Harm     .   (no gloves)
MR       .....                  (no boots)
Stlth    ..........             (no amulet)
HPRegen  0.00/turn              (no ring)
MPRegen  0.10/turn              (no ring)

@: non-regenerating
A: damage resistance, heal wounds, sense surroundings 1, no regeneration
a: Heal Wounds


You were on level 5 of the Dungeon.
You were not hungry.

You visited 2 branches of the dungeon, and saw 6 of its levels.

You collected 145 gold pieces.

Inventory:

Hand Weapons
 a - a +0 war axe (weapon)
Armour
 c - a +0 kite shield (worn)
 m - a +0 chain mail (worn)
Scrolls
 b - 4 scrolls of identify {unknown}
 d - 3 scrolls of teleportation {unknown}
 f - a scroll of enchant armour {unknown}
 g - 2 scrolls of magic mapping {unknown}
 h - a scroll of remove curse {unknown}
Potions
 i - a potion of flight {unknown}
 j - 2 potions of resistance {unknown}
 k - 3 potions of might {@q3}
 l - 4 potions of curing {unknown}
Comestibles
 e - 6 rations


   Skills:
 * Level 4.3 Fighting
 * Level 4.6 Axes
 + Level 4.4 Armour
 + Level 4.4 Shields


You had 5 spell levels left.
You didn't know any spells.
Your spell library was empty.

Dungeon Overview and Level Annotations

Branches:
Dungeon (5/15)             Temple (1/1) D:4

Altars:
Ashenzari
Cheibriados
Elyvilon
Fedhas
Gozag
Qazlal
Sif Muna
Vehumet
Wu Jian
Xom
Yredelemnul


Innate Abilities, Weirdness & Mutations

You are resistant to damage.
You can heal yourself by infusing magical energy.
You passively map a small area around you.
You do not regenerate.


Message History

You eat one of the 7 rations.
That ration really hit the spot!
Done exploring.
Done exploring.
Done exploring.
Done exploring.
Done exploring.
Done exploring.
Done exploring.
Done exploring.
(D) Dungeon (T) Temple
Where to? (Enter - Temple @ (x,y), ? - help)
There is a stone staircase leading down here.
You climb downwards.
A leopard gecko, 2 orcs, an orc warrior and an orc wizard come into view.
The orc shouts!
The leopard gecko hisses angrily.
You hear a croak.
You hear a shout!
You hear two shouts!
Found a scroll labeled CEULICZ SYSHOS.
There is a stone staircase leading up here.
There are monsters nearby!
There are monsters nearby!
You hit the orc warrior.
The orc warrior is lightly wounded.
Your chain mail prevents you from hitting the orc.
The orc hits you but does no damage.
You closely miss the orc warrior.
The orc warrior is lightly wounded.
You hit the orc. You block the orc warrior's attack.
The orc hits you with a +0 flail.
An orc comes into view.
A two-headed ogre comes into view. It is wielding two +0 giant clubs.
The orc wizard casts a spell.
The orc wizard seems to speed up.
The orc shouts!
You hit the orc but do no damage.
The orc is moderately wounded.
You miss the orc wizard. You miss the leopard gecko.
You completely miss the orc warrior.
You hear a shout!
The leopard gecko completely misses you.
You block the orc wizard's attack.
The orc warrior hits you with a +0 hand axe.
The orc hits you but does no damage. You block the leopard gecko's attack.
The orc wizard hits you but does no damage.
The orc warrior hits you with a +0 hand axe.
Your chain mail prevents you from hitting the orc.
The orc is moderately wounded.
You miss the orc wizard. You closely miss the leopard gecko.
You hit the orc warrior. You block the orc wizard's attack.
The orc hits you but does no damage.
The leopard gecko bites you but does no damage.
You block the orc warrior's attack.
The orc wizard hits you but does no damage.
The leopard gecko bites you but does no damage.
Your shield prevents you from hitting the orc warrior.
The orc warrior is moderately wounded.
You hit the orc but do no damage.
Your chain mail prevents you from hitting the orc wizard.
Your shield and chain mail prevent you from hitting the leopard gecko.
You block the orc's attack. You block the orc wizard's attack.
The leopard gecko hisses menacingly.
The leopard gecko bites you but does no damage.
The orc warrior barely misses you. You block the orc wizard's attack.
You hit the orc warrior but do no damage.
The orc warrior is moderately wounded.
You hit the leopard gecko. You barely miss the orc wizard.
You hit the two-headed ogre.
The orc wizard gestures at you while chanting.
The magic dart hits you but does no damage.
You block the leopard gecko's attack.
The orc warrior hits you with a +0 hand axe.
The leopard gecko bites you.
The orc wizard casts a spell.
The orc wizard blinks!
Your shield and chain mail prevent you from hitting the orc warrior.
The orc warrior is moderately wounded.
Your shield and chain mail prevent you from hitting the leopard gecko.
You barely miss the orc. You hit the two-headed ogre.
The orc warrior hits you with a +0 hand axe!
The leopard gecko barely misses you.
The two-headed ogre hits you with a +0 giant club!
* * * LOW HITPOINT WARNING * * *
The two-headed ogre hits you with a +0 giant club.
You block the orc's attack.
You are too injured to fight recklessly!
You are too injured to fight recklessly!
You are too injured to fight recklessly!
You are too injured to fight recklessly!
You are too injured to fight recklessly!
You are too injured to fight recklessly!
You are too injured to fight recklessly!
You are too injured to fight recklessly!
You are too injured to fight recklessly!
You are too injured to fight recklessly!
You are too injured to fight recklessly!
You are too injured to fight recklessly!
You fail to use your ability.
You block the leopard gecko's attack. You block the orc warrior's attack.
The two-headed ogre completely misses you.
The two-headed ogre hits you with a +0 giant club!!
You die...

, * , , , *, * *
# , * , #. , , ,
* #.. * * # *
#... #.# *
#...o####..?# ,
#...oo@l....#
#....Ooo....#,
#..............
#.#............
*
#,##########.#.*
.. , ,, , * # ,
* ** * , *


You could see a two-headed ogre, an orc warrior, an orc wizard, 3 orcs and a
leopard gecko.

Vanquished Creatures
  2 sky beasts (D:4)
  A howler monkey (D:4)
  2 hounds (D:4)
  2 worker ants (D:4)
  An adder (D:2)
  A dart slug (D:1)
  A leopard gecko (D:2)
  4 giant cockroaches
  2 goblins (D:3)
  2 hobgoblins (D:1)
  5 jackals
  A bat (D:1)
  2 frilled lizards (D:4)
  2 kobolds
  2 rats (D:1)
30 creatures vanquished.

Notes
Turn   | Place    | Note
-------+----------+-------------------------------------------
     0 | D:1      | EnegeticOcto the Deep Dwarf Fighter began the quest for the
                  | Orb.
     0 | D:1      | Reached XP level 1. HP: 20/20 MP: 1/1
   142 | D:1      | Reached XP level 2. HP: 27/27 MP: 2/2
   425 | D:3      | Reached XP level 3. HP: 24/34 MP: 3/3
   555 | D:4      | Reached XP level 4. HP: 35/42 MP: 4/4
   569 | D:4      | Found a white marble altar of Elyvilon.
   672 | D:4      | Found a staircase to the Ecumenical Temple.
   677 | D:4      | Reached XP level 5. HP: 34/50 MP: 5/5
   681 | Temple   | Entered the Ecumenical Temple
   798 | D:4      | Noticed a sky beast
   824 | D:4      | Killed a sky beast
  1314 | D:4      | Noticed a sky beast
  1326 | D:4      | Killed a sky beast
  1326 | D:4      | Reached XP level 6. HP: 23/57 MP: 6/6
  1482 | D:5      | Entered Level 5 of the Dungeon
  1482 | D:5      | Noticed an orc warrior
  1485 | D:5      | Noticed a two-headed ogre
  1491 | D:5      | Slain by a two-headed ogre

Levels and vault maps discovered:
D:1:      dpeg_arrival_simpleton_b, layout_basic
D:2:      layout_loops_cross, minmay_pentomino_s2
D:3:      layout_loops_ring, serial_rivers, chequers_serial_rivers_small_a,
          chequers_serial_rivers_micro_b, chequers_serial_rivers_micro_b,
          chequers_serial_rivers_micro_a, chequers_serial_rivers_small_b,
          chequers_serial_rivers_micro_c, kennysheep_generic_room_14
D:4:      layout_basic, elyvilon_altar_3, minmay_temple_entry_drinking_statues,
          first_ration, minmay_strange_pillars
D:5:      layout_basic, serial_shops, shop, uniq_grinder, uniq_prince_ribbit1,
          uniq_edmund
Temple:   cyrus_temple_forest

Skill      XL: |  1  2  3  4  5 |
---------------+----------------+-----
Fighting       | 3 4 |  4.3
Axes           | 3 4 |  4.6
Armour         | 4 |  4.4
Shields        | 4 |  4.4

Action                   |  1- 3 |  4- 6 || total
-------------------------+-------+-------++-------
Melee: War axe           |    93 |    62 ||   155
 Abil: Heal Wounds       |     1 |     2 ||     3
  Eat: Ration            |       |     1 ||     1
Armor: Scale mail        |    48 |       ||    48
       Chain mail        |       |    47 ||    47
Dodge: Dodged            |    25 |    10 ||    35
Block: Kite shield       |    57 |    26 ||    83

Table legend:
 A = Non-vault XP
 B = Vault XP
 C = Vault XP percentage of total XP
 D = Non-vault monster count
 E = Vault monster count
 F = Vault count percentage of total count
                 A         B        C        D         E       F
            +---------+---------+-------+---------+---------+-------
      Total |     521 |       0 |   0.0 |      30 |       0 |   0.0
            +---------+---------+-------+---------+---------+-------
        D:1 |      16 |       0 |   0.0 |       9 |       0 |   0.0
        D:2 |      21 |       0 |   0.0 |       4 |       0 |   0.0
        D:3 |      12 |       0 |   0.0 |       6 |       0 |   0.0
        D:4 |     472 |       0 |   0.0 |      11 |       0 |   0.0
            +---------+---------+-------+---------+---------+-------
